 Dungeon Crawl Stone Soup version 0.30-a0-394-g3e4acdb0ae (webtiles) character file.

Game seed: 12537022517126784015

762631 AigisTheKnight the Metallomancer (level 27, -40/256 HPs)
             Began as a Gargoyle Earth Elementalist on Dec 5, 2022.
             Was an Initiate of Gozag.
             Killed from afar by Cerebov (59 damage)
             ... with a great blast of fire
             ... in Pandemonium on Dec 6, 2022.
             The game lasted 08:09:39 (118771 turns).

AigisTheKnight the Metallomancer (GrEE)           Turns: 118771, Time: 08:09:40

Health: -40/256    AC: 45    Str: 21      XL:     27
Magic:  22/56      EV: 15    Int: 36 (37) God:    Gozag
Gold:   17136      SH: 14    Dex: 16      Spells: 10/67 levels left

rFire   + . .      SeeInvis .    c - +3 hand axe of Dissolution {venom, MP+9 Int+3}
rCold   + + +      Faith    .    A - +3 warlock's mirror {reflect}
rNeg    + + .      Spirit   .    I - +0 scale mail of Ecighove {+Inv Int+4}
rPois   ∞          Reflect  +    W - +2 helmet {Int+3}
rElec   +          Harm     .    r - scarf {rC+ rF+}
rCorr   +          Rampage  .    j - +1 pair of gloves "Qudaexos" {+Inv rC+ Dex+3}
Will    ++...      Archmagi +    n - +2 pair of boots
Stlth   ..........               S - amulet of the Kangaroo {Reflect Regen+ Str+3 Int+4 Dex-4 SH+5}
HPRegen 1.42/turn                Z - ring of the Mage {Wiz Archmagi}
MPRegen 0.35/turn                R - ring "Weseun" {rN+ rCorr AC+4 Stlth-}

@: mighty, brilliant, berserking, resistant, fire vulnerable, flying, hasted,
studying 5 skills, bribing [Pandemonium], very quick
A: sickness immunity, AC +20, big wings, negative energy resistance 1,
electricity resistance, torment resistance 1, petrification resistance, agile 2,
strong 1
}: 5/15 runes: barnacled, slimy, silver, demonic, gossamer
a: Renounce Religion, Evoke Invisibility, Potion Petition, Call Merchant, Bribe
Branch


You were in Pandemonium.
You worshipped Gozag.
Gozag was extremely pleased with you.
You visited 12 branches of the dungeon, and saw 56 of its levels.
You visited Pandemonium 2 times, and saw 7 of its levels.
You also visited: Trove, Sewer, Bailey, Gauntlet and Ice Cave.

You collected 36807 gold pieces.
You spent 7878 gold pieces at shops.
You paid 11793 gold pieces to Gozag.

Inventory:

Hand Weapons
 c - the +3 hand axe of Dissolution (weapon) {venom, MP+9 Int+3}
   (You bought it in a shop on level 10 of the Dungeon)

   It poisons the flesh of those it strikes.
   Int:       It affects your intelligence (+3).
   MP:        It affects your magic capacity (+9).
 m - the +2 war axe of Inference {speed, +Blink rC+ Dex+3}
   (You took it off a deep elf knight on level 3 of the Elven Halls)

   Attacks with this weapon are significantly faster.
   Dex:       It affects your dexterity (+3).
   rC:        It protects you from cold.
   +Blink:    It lets you blink.
Missiles
 h - 23 silver javelins (quivered)
Armour
 j - the +1 pair of gloves "Qudaexos" (worn) {+Inv rC+ Dex+3}
   (You bought it in a shop on level 2 of the Orcish Mines)

   Dex:       It affects your dexterity (+3).
   rC:        It protects you from cold.
   +Inv:      It lets you turn invisible.
 n - a +2 pair of boots (worn)
 r - a scarf of resistance (worn)
 A - the +3 warlock's mirror (worn) {reflect}
   (You found it in a Gauntlet)

   It can block and reflect piercing ranged attacks and magical attacks against
   the wielder's willpower.
 I - the +0 scale mail of Ecighove (worn) {+Inv Int+4}
   (You found it on level 4 of the Shoals)

   Int:       It affects your intelligence (+4).
   +Inv:      It lets you turn invisible.
 Q - the +1 cloak of Fortification {Int+3}
   (You found it on level 5 of the Vaults)

   Int:       It affects your intelligence (+3).
 W - a +2 helmet of intelligence (worn)
Jewellery
 K - a ring of see invisible
 P - the ring "Iholyh" {rPois rF++ rC- Will+ rCorr}
   (You found it on level 4 of the Realm of Zot)

   [ring of resist corrosion]

   rF:        It greatly protects you from fire.
   rC:        It makes you vulnerable to cold.
   rPois:     It protects you from poison.
   rCorr:     It protects you from acid and corrosion.
   Will:      It increases your willpower.
 R - the ring "Weseun" (right hand) {rN+ rCorr AC+4 Stlth-}
   (You bought it in a shop on level 6 of the Dungeon)

   [ring of protection]

   AC:        It affects your AC (+4).
   rN:        It protects you from negative energy.
   rCorr:     It protects you from acid and corrosion.
   Stlth:     It makes you less stealthy.
 S - the amulet of the Kangaroo (around neck) {Reflect Regen+ Str+3 Int+4 Dex-4 SH+5}
   (You bought it in a shop on level 6 of the Dungeon)

   [amulet of reflection]

   It reflects blocked missile attacks.
   Str:       It affects your strength (+3).
   Int:       It affects your intelligence (+4).
   Dex:       It affects your dexterity (-4).
   Regen:     It increases your rate of health regeneration.
   SH:        It affects your SH (+5).
 V - the ring "Ocir" {rF+ rC+ Int+6}
   (You found it in Pandemonium)

   [ring of intelligence]

   Int:       It affects your intelligence (+6).
   rF:        It protects you from fire.
   rC:        It protects you from cold.
 Z - the ring of the Mage (left hand) {Wiz Archmagi}
   (You took it off an orc on level 10 of the Dungeon)

   [ring of wizardry]

   It improves your spell success rate.
   Archmagi:  It increases the power of your magical spells.
Wands
 y - a wand of light (19)
 z - a wand of iceblast (58)
 E - a wand of digging (8)
Scrolls
 d - 2 scrolls of enchant armour
 e - 10 scrolls of enchant weapon
 f - 2 scrolls of brand weapon
 o - 10 scrolls of magic mapping
 s - 10 scrolls of blinking
 t - a scroll of torment
 u - 9 scrolls of poison
 x - 35 scrolls of teleportation
 F - 2 scrolls of summoning
 G - 9 scrolls of amnesia
 M - 13 scrolls of fear
 N - 8 scrolls of fog
 X - 11 scrolls of immolation
Potions
 b - 7 potions of magic
 g - 9 potions of invisibility
 i - 4 potions of brilliance
 k - 10 potions of lignification
 l - 3 potions of cancellation
 p - 10 potions of mutation
 q - 3 potions of haste
 v - a potion of resistance
 B - 3 potions of heal wounds
 D - 10 potions of berserk rage
 H - 9 potions of might
 L - 22 potions of curing
 Y - 11 potions of ambrosia
Miscellaneous
 a - a lightning rod (4/4)
 w - a condenser vane
 C - a phantom mirror (inert)
 T - a phial of floods


   Skills:
 + Level 17.1 Fighting
 - Level 16.0(16.5) Axes
 - Level 8.0(13.7) Maces & Flails
 - Level 3.0 Throwing
 - Level 17.3 Armour
 + Level 10.9 Dodging
 - Level 4.0 Stealth
 - Level 9.1 Shields
 - Level 20.7 Spellcasting
 - Level 16.2 Conjurations
 + Level 17.6 Summonings
 - Level 15.5 Necromancy
 - Level 10.9 Translocations
 - Level 1.0 Transmutations
 - Level 4.4 Fire Magic
 - Level 6.7 Ice Magic
 + Level 25.4 Earth Magic
 + Level 8.8 Evocations


You had 10 spell levels left.
You knew the following spells:

 Your Spells              Type           Power      Damage    Failure   Level
a - Summon Forest         Summ/Tloc      71%        N/A       1%          5
b - Stone Arrow           Conj/Erth      100%       3d13      0%          3
c - Blink                 Tloc           100%       N/A       1%          2
d - Manifold Assault      Tloc           100%       N/A       1%          4
e - Spellforged Servitor  Conj/Summ      75%        N/A       1%          7
f - Dispersal             Tloc           65%        N/A       1%          6
g - Freezing Cloud        Conj/Ice/Air   59%        6-21      1%          5
h - Iron Shot             Conj/Erth      80%        9d15      1%          6
i - Borgnjor's Vile Clut  Necr/Erth      80%        N/A       0%          5
j - Summon Horrible Thin  Summ           76%        N/A       3%          8
k - Death Channel         Necr           73%        N/A       1%          6

Your spell library contained the following spells:

 Spells                   Type           Power      Damage    Failure   Level
 Apportation              Tloc           100%       N/A       0%          1
 Magic Dart               Conj           100%       1d8       0%          1
 Necrotise                Necr           100%       1d9       0%          1
 Sandblast                Erth           100%       2d20      0%          1
 Summon Small Mammal      Summ           100%       N/A       0%          1
 Momentum Strike          Conj/Tloc      100%       3d10      0%          2
 Passwall                 Tmut/Erth      100%       N/A       0%          2
 Searing Ray              Conj           100%       2d8       0%          2
 Call Canine Familiar     Summ           100%       N/A       0%          3
 Vampiric Draining        Necr           100%       2d13      0%          3
 Animate Armour           Summ/Erth      100%       N/A       0%          4
 Foxfire                  Conj/Fire      100%       2x1d9     1%          1
 Freeze                   Ice            100%       1d10      1%          1
 Sting                    Tmut/Pois      100%       1d8       1%          1
 Poisonous Vapours        Pois/Air       100%       N/A       1%          2
 Scorch                   Fire           100%       2d10      1%          2
 Static Discharge         Conj/Air       100%       2-7/arc   1%          2
 Wereblood                Tmut           79%        N/A       1%          2
 Dazzling Flash           Conj/Hex       100%       N/A       1%          3
 Frozen Ramparts          Ice            100%       1d16      1%          3
 Gell's Gravitas          Tloc           100%       N/A       1%          3
 Hailstorm                Conj/Ice       100%       3d20      1%          3
 Ignite Poison            Fire/Tmut/Pois 85%        N/A       1%          3
 Inner Flame              Hex/Fire       88%        N/A       1%          3
 Kindle Blastsparks       Fire/Tloc/Air  100%       2d18      1%          3
 Lesser Beckoning         Tloc           100%       N/A       1%          3
 Ozocubu's Armour         Ice            100%       N/A       1%          3
 Summon Guardian Golem    Hex/Summ       100%       N/A       1%          3
 Teleport Other           Tloc           100%       N/A       1%          3
 Vhi's Electric Charge    Tloc/Air       100%       N/A       1%          3
 Flame Wave               Conj/Fire      100%       2d21      1%          4
 Fulminant Prism          Conj/Hex       60%        3d26      1%          4
 Ice Form                 Ice/Tmut       99%        N/A       1%          4
 Iskenderun's Mystic Bla  Conj/Tloc      100%       2d19      1%          4
 Leda's Liquefaction      Hex/Erth       69%        N/A       1%          4
 Passage of Golubria      Tloc           100%       N/A       1%          4
 Petrify                  Tmut/Erth      100%       N/A       1%          4
 Sticky Flame             Conj/Fire      100%       2d11      1%          4
 Summon Ice Beast         Ice/Summ       100%       N/A       1%          4
 Summon Lightning Spire   Summ/Air       100%       N/A       1%          4
 Agony                    Necr           100%       N/A       1%          5
 Arcjolt                  Conj/Air       60%        1d70      1%          5
 Fireball                 Conj/Fire      64%        3d24      1%          5
 Iskenderun's Battlesphe  Conj           100%       2d15      1%          5
 Lightning Bolt           Conj/Air       60%        1d83      1%          5
 Summon Mana Viper        Hex/Summ       100%       N/A       1%          5
 Starburst                Conj/Fire      64%        6d17      1%          6
 Summon Cactus Giant      Summ           76%        N/A       1%          6
 Malign Gateway           Summ/Tloc      71%        N/A       1%          7
 Monstrous Menagerie      Summ           76%        N/A       1%          7
 Orb of Destruction       Conj           74%        9d17      1%          7
 Summon Hydra             Summ           76%        N/A       1%          7
 Lehudib's Crystal Spear  Conj/Erth      80%        10d18     1%          8
 Tukima's Dance           Hex            71%        N/A       2%          3
 Metabolic Englaciation   Hex/Ice        47%        N/A       4%          5
 Conjure Ball Lightning   Conj/Air       60%        3x3d23    4%          6
 Airstrike                Air            35%        2d(6-22)  8%          4
 Cause Fear               Hex            35%        N/A       8%          4
 Olgreb's Toxic Radiance  Pois           71%        N/A       8%          4
 Borgnjor's Revivificati  Necr           73%        N/A       9%          8
 Alistair's Intoxication  Tmut/Pois      50%        N/A       16%         5
 Yara's Violent Unravell  Hex/Tmut       37%        3d15      16%         5
 Silence                  Hex/Air        35%        N/A       21%         5
 Ozocubu's Refrigeration  Ice            57%        4d20      34%         7
 Disjunction              Tloc           65%        N/A       45%         8
 Eringya's Noxious Bog    Tmut/Pois      37%        N/A       63%         6
 Death's Door             Necr           73%        N/A       75%         9
 Necromutation            Tmut/Necr      60%        N/A       82%         8
 Dragon Form              Tmut           39%        N/A       98%         7
 Storm Form               Tmut/Air       37%        N/A       99%         7
 Ignition                 Fire           51%        3d14      99%         8
 Discord                  Hex            35%        N/A       100%        8
 Maxwell's Capacitive Co  Air            35%        ∞         100%        8
 Polar Vortex             Ice            57%        N/A       100%        9
 Sublimation of Blood     Necr           Unusable   N/A       N/A         2
 Animate Dead             Necr           Unusable   N/A       N/A         4
 Simulacrum               Ice/Necr       Unusable   N/A       N/A         6
 Statue Form              Tmut/Erth      Unusable   N/A       N/A         6

Dungeon Overview and Level Annotations

Branches:
Dungeon (15/15)            Temple (1/1) D:7            Lair (5/5) D:8
 Shoals (4/4) Lair:2       Spider (4/4) Lair:3        Slime (5/5) Lair:4
    Orc (2/2) D:12            Elf (3/3) Orc:2        Vaults (5/5) D:13
  Crypt (3/3) Vaults:2       Tomb (0/3) Crypt:3      Depths (4/4) D:15
    Zot (5/5) Depths:4      Sewer (visited)          Bailey (visited)
  IceCv (visited)         Gauntlet (visited)

Altars:
Ashenzari
Cheibriados
Dithmenos
Elyvilon
Fedhas
Gozag
Hepliaklqana
Kikubaaqudgha
Makhleb
Nemelex Xobeh
Okawaru
Ru
Sif Muna
Trog
Vehumet
Wu Jian
Xom
Yredelemnul
Zin
The Shining One
Jiyva

Shops:
D:2 :   D:6 =   D:10 ?(   D:13 *   Orc:1 (   Orc:2 [*[(   Elf:3 (   Vaults:1 :
Vaults:2 [   Vaults:3 [   Depths:2 **

Portals:
Hell: Depths:1 Depths:2 Depths:3 Depths:4
Abyss: Depths:2 Depths:3 Depths:4
Pandemonium: Depths:2
Ziggurat: Depths:3

Annotations:
Zot:5 6 transporters
Pan Cerebov


Innate Abilities, Weirdness & Mutations

You are immune to sickness and miasma.
Your stone body is resilient. (AC +20)
You are immune to poison.
Your large and strong wings let you fly.
You resist negative energy. (rN+)
You are resistant to electric shocks. (rElec)
You are resistant to unholy torment.
You are immune to petrification.
You are very agile. (Dex +8, Str/Int -2)
Your muscles are strong. (Str +4, Int/Dex -1)


Message History

Cerebov hits you with the +6 sword of Cerebov {flame}!
* * * LOW HITPOINT WARNING * * *
The sword of Cerebov burns away your fire resistance.
The hellion hits your tentacled monstrosity.
Your large abomination hits Cerebov!
Unknown command.
You hit Cerebov but do no damage.
Cerebov is severely wounded.
You hit the balrug.
The balrug is poisoned.
The balrug disappears in a puff of smoke!
Cerebov gestures at you. The iron shot misses you.
Unknown command.
Unknown command.
You barely miss Cerebov.
Cerebov is severely wounded.
The hellion gestures at you.
The sphere of damnation explodes!
The damnation engulfs you!!
* * * LOW HITPOINT WARNING * * *
The damnation engulfs your tentacled monstrosity!
Your tentacled monstrosity dies!
Your tentacled monstrosity disappears in a puff of smoke!
The damnation engulfs your large abomination!!
Your large abomination is destroyed!
Your large abomination disappears in a puff of smoke!
The damnation engulfs Cerebov.
Cerebov completely resists.
Cerebov shouts, "Capitulate, thou tasty meal!"
You are too berserk!
Unknown command.
You are too berserk!
Okay, then.
You are too berserk!
Unknown command.
You slash Cerebov!
Cerebov is almost dead.
Cerebov gestures at you.
A raging storm of fire appears!
The great blast of fire engulfs you!!! You partially resist.
You die...
Your body crumbles into a pile of gold.

#...#...#...#
#...#...#...#
#.$.#...#...#
#...#...#
#...#...# #
#...'...# '..
#...#2..#
#...#####§&.#
.........§@§#
............#
............#
#############


You could see Cerebov (fast) and a hellion (summoned).

Vanquished Creatures
  Dissolution (Slime:3)
  the Royal Jelly (Slime:5)
  2 dread liches
  3 orbs of fire
  3 ancient liches
  A pandemonium lord (Pan)
  3 Killer Klowns
  Bai Suzhen (Crypt:3)
  Parghit (Zot:2)
  3 curse toes
  Vv (Zot:2)
  Nikola (Spider:4)
  The ghost of Cayster the Wrestler, a legendary VSBe of Trog (Zot:3)
  12 golden dragons
  2 electric golems (Zot:5)
  A bone dragon (Crypt:3)
  16 tentacled monstrosities
  A Hell Sentinel (Pan)
  Mlioglotl (Shoals:4)
  A hellephant (Pan)
  A titan (Vaults:5)
  17 Orb Guardians (Zot:5)
  3 liches
  2 deep elf master archers (Elf:3)
  7 quicksilver dragons
  13 acid blobs
  6 death cobs
  2 ancient champions (Crypt:2)
  Frances (D:12)
  2 Executioners (Pan)
  The ghost of BigDaddyOpFi the Severer, an adept HOFi of Ashenzari (D:15)
  5 sphinxes
  9 tengu reavers
  10 storm dragons
  14 azure jellies
  Agnes (D:13)
  6 shadow dragons
  Donald (Spider:2)
  Ilsuiw (Shoals:3)
  5 draconian monks
  3 draconian knights
  7 rockslimes
  7 fire giants
  8 emperor scorpions
  The ghost of Noohia the Protected, a journeyman MeCK of Xom (D:14)
  2 demonspawn warmongers (Pan)
  7 frost giants
  9 ghost moths
  7 deep elf sorcerers
  4 orc warlords
  4 spectral caustic shrikes (Depths:3)
  7 draconian scorchers
  3 balrugs (Pan)
  Louise (Shoals:3)
  17 vault wardens
  3 cacodemons (Pan)
  Aizul (Shoals:3)
  4 draconian shifters
  A ghoul (Crypt:2)
  21 ironbound preservers
  3 angels (Pan)
  An iron dragon (Vaults:5)
  3 spriggan defenders
  2 curse skulls
  4 draconian stormcallers
  A deep elf elementalist (Elf:3)
  A ghost moth (shapeshifter) (Vaults:5)
  6 draconian annihilators
  10 quicksilver oozes
  A reaper (Pan)
  19 very ugly things
  3 ophanim (Pan)
  2 broodmothers (Spider:2)
  8 ironbound thunderhulks
  4 war gargoyles
  4 green draconians
  7 deep elf demonologists
  4 vampire knights
  3 apis (Pan)
  12 stone giants
  9 red draconians
  9 yellow draconians
  8 black draconians
  3 dire elephants (Vaults:1)
  2 spark wasps (Depths:1)
  4 minotaurs
  7 deep elf annihilators
  2 lorocyprocas (Pan)
  7 purple draconians
  A demonspawn black sun (Pan)
  9 white draconians
  2 merfolk javelineers
  5 deep elf death magi
  14 ettins
  An eidolon (Crypt:1)
  5 deep elf high priests
  An ettin (shapeshifter) (Vaults:5)
  A crystal guardian (Vaults:1)
  13 yaktaur captains
  3 entropy weavers
  Josephine (D:14)
  8 fire dragons
  9 great orbs of eyes
  6 jiangshi
  12 hydras
  2 rakshasas (Depths:1)
  6 merfolk impalers
  26 vault guards
  3 spriggan air magi
  18 centaur warriors
  4 peacekeepers
  8 ice dragons
  3 ogre magi
  3 caustic shrike simulacra (IceCv)
  A jorogumo (Spider:4)
  3 catoblepae
  Erica (D:9)
  3 radroaches
  A fenstrider witch skeleton (Crypt:3)
  7 ironbound frosthearts
  A merfolk avatar (Shoals:2)
  15 satyrs
  32 dancing weapons
  5 death knights
  8 boulder beetles
  5 deep troll shamans
  4 death yaks (Lair:2)
  7 tengu warriors
  11 two-headed ogres
  8 deep troll earth magi
  3 hell hogs (Depths:4)
  An orc high priest (Elf:2)
  2 spriggan berserkers (Depths:2)
  A titan zombie (Crypt:3)
  4 vampire magi
  A titan skeleton (Crypt:3)
  11 hell knights
  3 soul eaters
  Sonja (Orc:1)
  A fire crab (shapeshifter) (Vaults:5)
  15 deep elf knights
  11 sun demons (Pan)
  Nergalle (D:10)
  11 skeletal warriors
  A sun moth (Spider:2)
  2 shadow wraiths
  2 fire crabs
  50 deep trolls
  4 pharaoh ants
  9 steelbarb worms
  3 sixfirhies (Pan)
  3 iron trolls
  3 cherubim (Pan)
  2 flayed ghosts
  Lodul (D:11)
  14 sea snakes
  4 glowing orange brains
  7 orb spiders
  4 phantasmal warriors
  3 bog bodies (IceCv)
  10 lindwurms
  2 obsidian statues
  36 deep elf pyromancers
  11 deep elf archers
  12 necromancers
  An oklob plant (Lair:2)
  A lindwurm (shapeshifter) (Vaults:5)
  11 wizards
  6 orc knights
  A tengu zombie (Vaults:1)
  22 ironbound convokers
  37 ugly things
  A shadow dragon skeleton (Crypt:3)
  23 deep elf zephyrmancers
  25 harpies
  4 shining eyes
  12 cyclopes
  24 wolf spiders
  11 manticores
  A shining eye (shapeshifter) (Vaults:5)
  14 fauns
  A frost giant zombie (Vaults:1)
  A cyclops (shapeshifter) (Vaults:4)
  5 orc sorcerers
  28 moths of wrath
  A salamander (Depths:4)
  Maurice (D:10)
  Joseph (D:7)
  8 merfolk sirens
  2 eyes of devastation (Depths:3)
  A guardian serpent (Lair:5)
  A dire elephant zombie (Crypt:3)
  14 elephants
  A frost giant skeleton (Vaults:1)
  6 water nymphs
  21 vault sentinels
  A centaur zombie (Crypt:3)
  15 black mambas
  A stone giant skeleton (Vaults:1)
  11 smoke demons
  18 cane toads
  5 orange demons
  A dire elephant skeleton (Crypt:3)
  9 torpor snails
  4 unseen horrors
  12 demonic crawlers
  A gargoyle (D:11)
  19 freezing wraiths
  5 anaconda simulacra (IceCv)
  5 efreet
  9 tormentors
  2 kobold demonologists
  3 rime drakes
  A yaktaur zombie (Vaults:1)
  A pale draconian zombie (Crypt:1)
  7 komodo dragons
  31 yaktaurs
  6 ice devils
  25 merfolk
  A red devil (Pan)
  6 tengu conjurers
  2 hellwings (Depths:2)
  A queen bee (D:15)
  12 trolls
  8 meliai
  A wolf spider simulacrum (Gauntlet)
  3 polar bears
  4 tyrant leeches (Lair:5)
  A wind drake (shapeshifter) (Vaults:5)
  16 hornets
  A human skeleton (Vaults:1)
  42 tarantellas
  Prince Ribbit (D:8)
  2 harpy skeletons (Crypt:3)
  6 dream sheep
  27 blink frogs
  6 wind drakes
  99 slime creatures
  An elf zombie (Vaults:1)
  3 human simulacra
  7 snapping turtles
  An ettin zombie (Crypt:3)
  A jumping spider (shapeshifter) (Vaults:5)
  Sigmund (D:7)
  2 fire dragon zombies (Crypt:3)
  40 jumping spiders
  An ettin skeleton (Vaults:1)
  28 flying skulls
  25 culicivoras
  An ice dragon skeleton (Crypt:2)
  81 yaks
  A deep troll skeleton (Vaults:1)
  4 ynoxinuls (Pan)
  2 dire elephant simulacra (IceCv)
  A shadow (D:11)
  2 air elementals
  20 wyverns
  4 centaur simulacra
  An elf simulacrum (Vaults:1)
  3 vampires (D:10)
  10 wraiths
  2 fire elementals (Elf:3)
  10 water elementals
  3 basilisks
  3 fire bats (Gauntlet)
  4 golden eyes (Slime:3)
  8 chaos spawn
  4 steam dragons
  A minotaur simulacrum (IceCv)
  A yaktaur simulacrum (Vaults:1)
  13 vampire mosquitoes
  A neqoxec (Pan)
  58 redbacks
  3 wargs (Orc:2)
  A human zombie (Vaults:1)
  2 harpy simulacra (IceCv)
  3 hell hounds (Gauntlet)
  5 acid dragons
  26 water moccasins
  8 large abominations
  A floating eye (shapeshifter) (Depths:1)
  2 small abominations (Depths:3)
  47 orc warriors
  3 black bears
  A floating eye (Slime:5)
  3 ice beasts
  A boggart (D:14)
  An ettin simulacrum (IceCv)
  An ice dragon simulacrum (Gauntlet)
  An orc zombie (Vaults:1)
  3 alligator simulacra (IceCv)
  9 wolves
  A boggart (shapeshifter) (Elf:3)
  17 ogres
  6 centaurs
  A phantom (D:6)
  An elephant skeleton (Crypt:2)
  A kobold brigand (D:10)
  A rime drake zombie (Crypt:1)
  2 gnoll sergeants (D:10)
  10 bullfrogs
  3 necrophages
  A deep troll simulacrum (IceCv)
  2 earth elementals
  5 scorpions
  8 wights
  20 killer bees
  A lindwurm simulacrum (IceCv)
  17 howler monkeys
  2 electric eels (D:11)
  A crimson imp (D:8)
  8 jellies
  4 hounds
  2 quasits (D:12)
  13 orc priests
  A gnoll bouda (D:6)
  An iron imp (D:4)
  Crazy Yiuf (D:6)
  Jessica (D:2)
  8 iguanas
  27 orc wizards
  6 hell rats (Lair:2)
  A nameless horror (Pan)
  A boggart simulacrum (Gauntlet)
  17 gnolls
  6 adders
  2 river rats (Sewer)
  A shadow imp (D:6)
  4 white imps
  An ufetubus (D:6)
  2 worms
  2 dart slugs
  98 orcs
  16 ball pythons
  5 bats
  9 endoplasms
  6 giant cockroaches
  A gnoll zombie (Crypt:1)
  8 goblins
  9 hobgoblins
  2 jackals (D:1)
  A quokka (D:5)
  7 frilled lizards
  A goblin skeleton (Crypt:1)
  24 kobolds
  8 rats
  2 fire vortices (Pan)
  A snaplasher vine (Zot:2)
2547 creatures vanquished.

Vanquished Creatures (collateral kills)
  A dread lich (Vaults:5)
  3 orbs of fire
  An ancient lich (Crypt:3)
  4 Killer Klowns (Zot:5)
  Saint Roka (Crypt:3)
  A golden dragon (Zot:3)
  2 Brimstone Fiends (Pan)
  An electric golem (Zot:5)
  3 tentacled monstrosities
  2 liches
  A titan (Zot:5)
  8 Orb Guardians (Zot:5)
  A quicksilver dragon (Zot:2)
  A deep elf blademaster (Elf:3)
  An Executioner (Pan)
  4 death cobs
  7 acid blobs (Slime:5)
  An ancient champion (Crypt:1)
  3 shadow dragons
  2 storm dragons
  4 tengu reavers
  4 draconian monks
  3 rockslimes (Slime:5)
  A frost giant (Vaults:5)
  5 draconian knights
  3 azure jellies (Slime:5)
  2 fire giants (Vaults:5)
  A demonspawn warmonger (Pan)
  2 spectral caustic shrikes (Depths:3)
  3 deep elf sorcerers (Elf:3)
  4 draconian scorchers
  4 balrugs (Pan)
  2 draconian shifters (Zot:2)
  A deep elf elementalist (Elf:3)
  5 angels (Pan)
  2 draconian annihilators
  2 quicksilver oozes
  A spriggan defender (Depths:3)
  3 stone giants
  4 draconian stormcallers
  5 war gargoyles
  10 very ugly things
  An ophan (Pan)
  A demonspawn corrupter (Pan)
  2 vampire knights
  An apis (Pan)
  5 green draconians
  2 yellow draconians
  A demonspawn black sun (Pan)
  6 black draconians
  2 red draconians (Zot:5)
  6 white draconians
  2 spark wasps (Depths:1)
  5 deep elf annihilators (Elf:3)
  8 purple draconians
  2 deep elf death magi
  3 crystal guardians (Crypt:3)
  4 jiangshi
  4 fire dragons
  6 deep elf high priests
  A yaktaur captain (Vaults:3)
  A spriggan air mage (Depths:1)
  A vault guard (Vaults:5)
  An ice dragon (Depths:1)
  A caustic shrike simulacrum (IceCv)
  2 ironbound frosthearts (Vaults:3)
  An ogre mage (Vaults:5)
  4 centaur warriors
  4 tengu warriors
  3 spriggan skeletons (Crypt:3)
  7 dancing weapons
  An azure jelly zombie (Crypt:2)
  A vampire mage (Crypt:1)
  2 deep troll earth magi
  8 deep elf knights
  2 hell hogs (Depths:4)
  3 soul eaters
  13 sun demons
  5 hell knights
  2 iron trolls (Depths:4)
  16 skeletal warriors
  3 large abominations
  7 deep trolls
  2 cherubim (Pan)
  2 glowing orange brains
  An obsidian statue (Zot:4)
  2 lindwurms (Vaults:2)
  2 ironbound convokers (Vaults:5)
  2 deep elf archers (Elf:2)
  4 phantasmal warriors
  5 deep elf pyromancers
  A necromancer (Crypt:3)
  6 deep elf zephyrmancers
  3 shining eyes
  14 ugly things
  A sphinx skeleton (Crypt:2)
  2 moths of wrath
  A moth of wrath (shapeshifter) (Vaults:5)
  A jorogumo skeleton (Crypt:2)
  4 eyes of devastation
  4 smoke demons (Pan)
  An elephant slug zombie (Crypt:2)
  2 orange demons
  An efreet (Pan)
  5 demonic crawlers (Pan)
  An ice devil (IceCv)
  2 tormentors (Pan)
  A tengu conjurer (Depths:1)
  4 freezing wraiths
  A sea snake zombie (Crypt:2)
  A hornet (Depths:2)
  23 slime creatures
  A great orb of eyes zombie (Crypt:2)
  An ettin zombie (Crypt:1)
  A spriggan (Depths:2)
  15 flying skulls
  A culicivora (shapeshifter) (Vaults:5)
  3 wraiths
  A dire elephant simulacrum (IceCv)
  A fire elemental (Elf:3)
  4 water elementals
  A minotaur simulacrum (IceCv)
  2 ynoxinuls (Pan)
  A chaos spawn (Pan)
  2 golden eyes (Slime:4)
  A warg (Crypt:3)
  A deep troll zombie (Crypt:1)
  2 orc warriors (Crypt:3)
  A cane toad skeleton (Crypt:2)
  An alligator simulacrum (IceCv)
  A small abomination (Depths:3)
  An earth elemental (Elf:2)
  2 necrophages (Crypt:2)
  A yaktaur skeleton (Crypt:1)
  A lindwurm simulacrum (IceCv)
  2 orc wizards (Crypt:3)
  2 orcs (Crypt:3)
  A quokka skeleton (Crypt:2)
  2 fire vortices (Pan)
421 creatures vanquished.

Vanquished Creatures (others)
  A Hell Sentinel (Pan)
  2 draconian knights
  5 daevas (Pan)
  A cacodemon (Pan)
  2 balrugs (Pan)
  2 angels (Pan)
  A demonspawn blood saint (Pan)
  A green draconian (Zot:2)
  4 apis (Pan)
  4 ophanim (Pan)
  A red draconian (Zot:1)
  A blizzard demon (Pan)
  A deep elf knight (Elf:2)
  6 sun demons (Pan)
  A deep troll (Depths:4)
  3 cherubim (Pan)
  A wizard (D:13)
  A deep elf zephyrmancer (Elf:1)
  2 orange demons (Pan)
  A hellion (Pan)
  A tarantella (Spider:2)
  A large abomination (Pan)
  4 ynoxinuls (Pan)
  A redback (Spider:4)
  A white imp (D:6)
  3 bushes (Lair:5)
  6 fire vortices (Pan)
  64 fungi
  208 plants
  21 snaplasher vines
  4 tentacles (Shoals:3)
  7 toadstools
362 creatures vanquished.

Grand Total: 3330 creatures vanquished

Notes
Turn   | Place    | Note
-------+----------+-------------------------------------------
     0 | D:1      | AigisTheKnight the Gargoyle Earth Elementalist began the
                  | quest for the Orb.
     0 | D:1      | Reached XP level 1. HP: 10/10 MP: 3/3
   176 | D:1      | Reached skill level 1 in Transmutations
   176 | D:1      | Reached XP level 2. HP: 8/15 MP: 3/5
   219 | D:1      | Found a faded altar of an unknown god.
   592 | D:1      | Reached skill level 4 in Earth Magic
   592 | D:1      | Reached XP level 3. HP: 20/20 MP: 4/6
  1114 | D:2      | Reached skill level 1 in Fighting
  1114 | D:2      | Reached skill level 1 in Conjurations
  1223 | D:2      | Reached XP level 4. HP: 22/25 MP: 3/7
  1298 | D:2      | Noticed Jessica
  1300 | D:2      | Found Qicwugis's Book Boutique.
  1304 | D:2      | Killed Jessica
  1783 | D:3      | Reached XP level 5. HP: 29/29 MP: 3/8
  1867 | D:3      | Found a glowing drain.
  1871 | Sewer    | Entered a sewer
  2182 | Sewer    | Found a viscous altar of Jiyva.
  2220 | Sewer    | Reached XP level 6. HP: 35/35 MP: 6/10
  2518 | D:3      | Found an iron altar of Okawaru.
  2522 | D:3      | Identified the ring "Cugizal" {Ice +Blink rN+ Str-3 Dex+7}
  2986 | D:4      | Noticed a black bear
  3367 | D:4      | Reached skill level 5 in Earth Magic
  3514 | D:4      | Identified the +1 spear of War {drain, rN+}
  3658 | D:4      | Reached XP level 7. HP: 37/40 MP: 9/11
  3880 | D:4      | Found a snail-covered altar of Cheibriados.
  3938 | D:4      | Identified the +10 short sword of Upheaval {venom, rCorr
                  | Str+4}
  4276 | D:5      | Entered Level 5 of the Dungeon
  4438 | D:5      | Reached XP level 8. HP: 26/47 MP: 9/13
  4685 | D:6      | Reached skill level 6 in Earth Magic
  5037 | D:5      | Found a blossoming altar of Fedhas.
  5455 | D:6      | Identified the +5 spear of the Silent Majority {flame,
                  | *Slow rC+ Str+6}
  5545 | D:6      | Found a runed translucent door.
  5546 | D:6      | Noticed Crazy Yiuf
  5555 | D:6      | Killed Crazy Yiuf
  5638 | D:7      | Found a staircase to the Ecumenical Temple.
  5653 | Temple   | Entered the Ecumenical Temple
  5704 | Temple   | Became a worshipper of Gozag Ym Sagoz the Greedy
  5845 | D:6      | Reached skill level 5 in Conjurations
  5845 | D:6      | Reached XP level 9. HP: 53/53 MP: 16/16
  5871 | D:6      | Reached skill level 5 in Fighting
  5962 | D:6      | Reached skill level 5 in Spellcasting
  5962 | D:6      | Reached skill level 7 in Earth Magic
  6461 | D:6      | Found Guug's Jewellery Boutique.
  6502 | D:6      | Found a sacrificial altar of Ru.
  6504 | D:6      | Found a sparkling altar of Nemelex Xobeh.
  6504 | D:6      | Found a radiant altar of Vehumet.
  6719 | D:6      | Learned a level 3 spell: Stone Arrow
  7234 | D:7      | Noticed Joseph
  7247 | D:7      | Killed Joseph
  7423 | D:7      | Noticed Sigmund
  7721 | D:7      | Found an ornate altar of the Wu Jian Council.
  7721 | D:7      | Found a bloodstained altar of Trog.
  7844 | D:8      | Found a flagged portal.
  7924 | D:8      | Reached skill level 5 in Dodging
  7931 | D:8      | Noticed a two-headed ogre
  7939 | D:8      | Reached skill level 8 in Earth Magic
  7964 | Bailey   | Entered a bailey
  8110 | Bailey   | Reached XP level 10. HP: 51/60 MP: 8/18
  9148 | D:8      | Killed a two-headed ogre
  9471 | D:8      | Noticed Prince Ribbit
  9477 | D:8      | Killed Prince Ribbit
  9569 | D:8      | Found a burning altar of Makhleb.
  9650 | D:8      | Found a staircase to the Lair.
  9968 | D:8      | Found a broken altar of Ashenzari.
 10249 | D:9      | Reached skill level 9 in Earth Magic
 10324 | D:10     | Entered Level 10 of the Dungeon
 10643 | D:9      | Noticed a two-headed ogre
 10663 | D:9      | Killed a two-headed ogre
 11009 | D:9      | Reached XP level 11. HP: 68/68 MP: 19/21
 11725 | D:6      | Bought the ring "Weseun" {rN+ rCorr AC+4 Stlth-} for 616
                  | gold pieces
 11725 | D:6      | Bought the amulet of the Kangaroo {Reflect Regen+ Str+3
                  | Int+4 Dex-4 SH+5} for 519 gold pieces
 11785 | D:10     | Noticed Erica
 11982 | D:8      | Upgraded the game from 0.30-a0-390-g80c34de65d to
                  | 0.30-a0-393-g54b8e3be05
 11987 | Lair:1   | Entered Level 1 of the Lair of Beasts
 12213 | Lair:1   | Reached skill level 1 in Armour
 12213 | Lair:1   | Reached skill level 1 in Shields
 12222 | D:8      | Reached skill level 1 in Translocations
 12647 | Lair:1   | Found a broken altar of Ashenzari.
 13482 | Lair:2   | Found a staircase to the Shoals.
 13800 | Lair:2   | Noticed an oklob plant
 13850 | Lair:2   | Reached XP level 12. HP: 60/76 MP: 14/22
 14152 | Lair:2   | Noticed a death yak
 14456 | D:2      | Bought an Inescapable Atlas for 320 gold pieces
 14459 | D:2      | Learned a level 2 spell: Blink
 14650 | D:7      | Killed Sigmund
 14745 | D:8      | Reached skill level 5 in Armour
 14878 | Lair:3   | Noticed a seven-headed hydra
 15158 | Lair:2   | Noticed a death yak
 15162 | Lair:2   | Noticed a death yak
 15195 | Lair:3   | Found a hole to the Spider Nest.
 15311 | Lair:3   | Reached skill level 10 in Fighting
 15458 | Lair:3   | Killed a seven-headed hydra
 15459 | Lair:3   | Reached skill level 5 in Translocations
 16019 | Lair:2   | Noticed an eight-headed hydra
 16026 | Lair:2   | Killed an eight-headed hydra
 16167 | Lair:2   | Learned a level 4 spell: Manifold Assault
 16203 | Lair:2   | Found the amulet of Elemental Vulnerability {rPois rF--
                  | rC-- AC+8}
 16567 | Lair:3   | Reached XP level 13. HP: 60/84 MP: 1/23
 18635 | Lair:4   | Found a viscous altar of Jiyva.
 18635 | Lair:4   | Found a staircase to the Slime Pits.
 18687 | Lair:5   | Entered Level 5 of the Lair of Beasts
 19203 | Lair:5   | Reached skill level 10 in Armour
 19442 | Lair:5   | Found a runed translucent door.
 19444 | Lair:5   | Noticed an ice dragon
 19489 | Lair:5   | Gained mutation: Your large and strong wings let you fly.
                  | [Gargoyle growth]
 19489 | Lair:5   | Reached XP level 14. HP: 94/94 MP: 9/24
 21198 | Lair:5   | Noticed a quicksilver ooze
 21361 | Lair:5   | Reached skill level 10 in Translocations
 21370 | Lair:5   | Learned a level 4 spell: Iskenderun's Mystic Blast
 21377 | Lair:5   | Learned a level 6 spell: Dispersal
 21906 | Lair:5   | Killed a quicksilver ooze
 23521 | D:9      | Killed Erica
 23861 | D:9      | Reached XP level 15. HP: 101/101 MP: 1/25
 24200 | D:10     | Reached skill level 1 in Fire Magic
 24297 | D:10     | Found a glowing golden altar of the Shining One.
 24560 | D:10     | Found a shimmering blue altar of Sif Muna.
 24676 | D:10     | Noticed Nergalle
 24683 | D:10     | Killed Nergalle
 25430 | D:10     | Noticed Maurice
 25442 | D:10     | Killed Maurice
 25527 | D:10     | Found Ogeuch Uhuni's Magic Scroll Boutique.
 25534 | D:10     | Bought a scroll of fear for 60 gold pieces
 25534 | D:10     | Bought a scroll of enchant armour for 112 gold pieces
 25534 | D:10     | Bought a scroll of noise for 15 gold pieces
 25536 | D:10     | Identified a scroll of acquirement
 25539 | D:10     | Bought a scroll of teleportation for 45 gold pieces
 25539 | D:10     | Bought a scroll of teleportation for 45 gold pieces
 25544 | D:10     | Bought a jewelled hand axe for 184 gold pieces
 25544 | D:10     | Identified the +3 hand axe of Dissolution {venom, MP+9
                  | Int+3} (You bought it in a shop on level 10 of the Dungeon)
 25544 | D:10     | Bought a brightly glowing dagger for 161 gold pieces
 25544 | D:10     | Identified the +6 dagger "Tuegeij" {vorpal, +Blink Will-
                  | Dex+3 SInv} (You bought it in a shop on level 10 of the
                  | Dungeon)
 25560 | D:10     | Reached skill level 15 in Fighting
 25978 | D:10     | Got the Octavo of Confrontation and Displacement
 26060 | D:10     | Found a shadowy altar of Dithmenos.
 26068 | D:10     | Found a shimmering altar of Xom.
 26358 | D:11     | Found a gate leading to a gauntlet.
 26366 | Gauntlet | Entered a Gauntlet
 26366 | Gauntlet | Found a transporter.
 26390 | Gauntlet | Found a transporter.
 26394 | Gauntlet | Found a transporter.
 26402 | Gauntlet | Found a transporter.
 26406 | Gauntlet | Found a transporter.
 26410 | Gauntlet | Found a runed translucent door.
 26414 | Gauntlet | Found a transporter.
 26418 | Gauntlet | Found a transporter.
 26426 | Gauntlet | Found a transporter.
 26430 | Gauntlet | Found a transporter.
 26440 | Gauntlet | Found a transporter.
 26469 | Gauntlet | Found a transporter.
 26481 | Gauntlet | Found a transporter.
 26489 | Gauntlet | Found a runed translucent door.
 26494 | Gauntlet | Found a transporter.
 26507 | Gauntlet | Found a transporter.
 26750 | Gauntlet | Identified the amulet of Kiphital {Faith rElec}
 26785 | Gauntlet | Learned a level 5 spell: Freezing Cloud
 27004 | Gauntlet | Identified the +0 cloak of the Coconut {rC+}
 27042 | Gauntlet | Identified the +2 ring mail of Uskayaw's Regard {rN+}
 27098 | Gauntlet | Found the +3 warlock's mirror {reflect}
 27109 | Gauntlet | Got the Disquisition on the Dusty Map
 27742 | D:11     | Noticed Lodul
 27763 | D:11     | Reached skill level 5 in Shields
 27788 | D:11     | Killed Lodul
 27789 | D:11     | Reached skill level 1 in Maces & Flails
 28432 | D:11     | Acquired 918 gold pieces
 28927 | D:12     | Noticed Frances
 28951 | D:12     | Killed Frances
 29209 | D:12     | Found a staircase to the Orcish Mines.
 29403 | D:12     | Reached skill level 1 in Ice Magic
 30267 | Orc:1    | Entered Level 1 of the Orcish Mines
 30687 | Orc:1    | Noticed Sonja
 30697 | Orc:1    | Killed Sonja
 30702 | Orc:1    | Found Ruoler's Weapon Shoppe.
 31204 | Orc:2    | Entered Level 2 of the Orcish Mines
 31415 | Orc:2    | Reached XP level 16. HP: 108/108 MP: 27/27
 31704 | Orc:2    | Found a staircase to the Elven Halls.
 32135 | Orc:2    | Paralysed by an orc sorcerer for 5 turns
 32210 | Orc:2    | Found Deiraist's Antique Weapon Boutique.
 32217 | Orc:2    | Found Naon's Antique Armour Shop.
 32238 | Orc:2    | Bought a glowing helmet for 247 gold pieces
 32238 | Orc:2    | Bought a bloodstained ring mail for 297 gold pieces
 32238 | Orc:2    | Identified the +1 ring mail of the Modern Demons {+Inv rF-
                  | rN+ Dex+7} (You bought it in a shop on level 2 of the
                  | Orcish Mines)
 33092 | Orc:2    | Found Ythry's Armour Shop.
 33292 | Orc:2    | Found Soagg's Assorted Antiques.
 33298 | Orc:2    | Bought a faintly glowing mace for 192 gold pieces
 33298 | Orc:2    | Identified the +7 mace "Ytinar" {vorpal, rPois rN++ SInv}
                  | (You bought it in a shop on level 2 of the Orcish Mines)
 33298 | Orc:2    | Bought a pair of smoking gloves for 228 gold pieces
 33298 | Orc:2    | Identified the +1 pair of gloves "Qudaexos" {+Inv rC+
                  | Dex+3} (You bought it in a shop on level 2 of the Orcish
                  | Mines)
 33785 | Spider:1 | Entered Level 1 of the Spider Nest
 35438 | Spider:1 | Learned a level 6 spell: Iron Shot
 36196 | Spider:1 | Reached skill level 10 in Earth Magic
 36223 | Spider:2 | Reached skill level 10 in Conjurations
 36701 | Spider:2 | Noticed Donald
 37010 | Spider:2 | Killed Donald
 37028 | Spider:2 | Reached skill level 5 in Maces & Flails
 37296 | Spider:2 | Reached XP level 17. HP: 115/115 MP: 19/29
 38822 | Spider:3 | Reached skill level 5 in Ice Magic
 39714 | Spider:3 | Found a runed translucent door.
 39797 | Spider:3 | Reached skill level 11 in Earth Magic
 39797 | Spider:3 | Found the +15 Maxwell's patent armour {-Cast -Tele rElec
                  | Will+ rCorr}
 40520 | Spider:4 | Entered Level 4 of the Spider Nest
 40537 | Spider:4 | Noticed Nikola
 40691 | Spider:4 | Killed Nikola
 42404 | Spider:4 | Got a gossamer rune of Zot
 43041 | Lair:2   | Learned a level 5 spell: Summon Forest
 43044 | Shoals:1 | Entered Level 1 of the Shoals
 43283 | Shoals:1 | Reached XP level 18. HP: 94/120 MP: 19/31
 43457 | Shoals:1 | Reached skill level 1 in Summonings
 43457 | Shoals:1 | Reached skill level 1 in Evocations
 43589 | Shoals:1 | Reached skill level 10 in Spellcasting
 44886 | Shoals:1 | Upgraded the game from 0.30-a0-393-g54b8e3be05 to
                  | 0.30-a0-394-g3e4acdb0ae
 45082 | Shoals:2 | Reached skill level 12 in Earth Magic
 46357 | Shoals:3 | Noticed Aizul
 46382 | Shoals:3 | Killed Aizul
 46523 | Shoals:3 | Noticed Louise
 46543 | Shoals:3 | Killed Louise
 47024 | Shoals:3 | Noticed Ilsuiw
 47055 | Shoals:3 | Killed Ilsuiw
 48439 | Shoals:4 | Entered Level 4 of the Shoals
 48439 | Shoals:4 | Noticed Mlioglotl
 48973 | Shoals:4 | Killed Mlioglotl
 49748 | Shoals:4 | Reached skill level 13 in Earth Magic
 49760 | Shoals:4 | Reached XP level 19. HP: 122/125 MP: 11/33
 49993 | Shoals:4 | Identified the +0 scale mail of Ecighove {+Inv Int+4}
 50061 | Shoals:4 | Identified the +0 pair of gloves of the King of the Hill
                  | {rElec Str+6}
 50225 | Shoals:4 | Got a barnacled rune of Zot
 50331 | Shoals:4 | Paralysed by a sphinx for 4 turns
 51132 | D:13     | Found Atil's General Store.
 51187 | D:13     | Bought a potion of heal wounds for 85 gold pieces
 51187 | D:13     | Bought 2 potions of heal wounds for 170 gold pieces
 51297 | D:13     | Found a gate to the Vaults.
 51509 | D:13     | Reached skill level 5 in Summonings
 51597 | D:13     | Found the +18 Lear's hauberk
 51888 | D:13     | Learned a level 5 spell: Borgnjor's Vile Clutch
 52008 | D:14     | Noticed Josephine
 52010 | D:14     | Reached skill level 5 in Evocations
 52011 | D:14     | Killed Josephine
 52153 | D:14     | Noticed Agnes
 52158 | D:13     | Killed Agnes
 52347 | D:14     | Found a frozen archway.
 52389 | IceCv    | Entered an ice cave
 52981 | IceCv    | Identified the +0 barding "Wyusat Jubb" {rCorr}
 52999 | IceCv    | Found an ancient bone altar of Kikubaaqudgha.
 53822 | IceCv    | Acquired 500 gold pieces
 54477 | D:14     | Found a runed translucent gate.
 54478 | D:14     | Found a runed translucent gate.
 54479 | D:14     | Found a runed translucent gate.
 54482 | D:14     | Noticed Noohia's ghost (journeyman MeCK)
 54493 | D:14     | Found a sacrificial altar of Ru.
 54572 | D:14     | Identified the +0 robe of the Tundras {rF+ Int+6}
 54867 | D:14     | Killed Noohia's ghost
 55150 | D:15     | Entered Level 15 of the Dungeon
 55369 | D:15     | Reached skill level 1 in Necromancy
 55769 | D:15     | Reached skill level 14 in Earth Magic
 56074 | D:15     | Found the +9 heavy crossbow "Sniper" {vorpal, Acc+∞ SInv}
 56082 | D:15     | Found a transporter.
 56082 | D:15     | Noticed BigDaddyOpFi's ghost (adept HOFi)
 56095 | D:15     | Found a transporter.
 56396 | D:15     | Found a staircase to the Depths.
 56541 | D:15     | Found a shimmering blue altar of Sif Muna.
 57030 | D:15     | Killed BigDaddyOpFi's ghost
 57173 | D:15     | Identified the +1 robe "Xixeaf" {Regen+ Str+3 Stlth+}
 57228 | Vaults:1 | Entered Level 1 of the Vaults
 57297 | Vaults:1 | Reached XP level 20. HP: 126/132 MP: 32/35
 58283 | Vaults:1 | Identified the +7 battleaxe of Oni Buroiguk {speed, rCorr
                  | Dex-3 SInv Stlth+}
 58374 | Vaults:1 | Found Sugaah Omu's Book Boutique.
 58386 | Vaults:1 | Bought a manual of Axes for 1280 gold pieces
 58706 | Vaults:1 | Reached skill level 1 in Axes
 61235 | Vaults:2 | Reached skill level 15 in Earth Magic
 61365 | Vaults:2 | Reached XP level 21. HP: 136/136 MP: 33/37
 61856 | Vaults:2 | Learned a level 4 spell: Animate Armour
 61931 | Vaults:2 | Reached skill level 5 in Axes
 62801 | Vaults:2 | Found a staircase to the Crypt.
 62919 | Vaults:2 | Bought a runed helmet for 240 gold pieces
 62919 | Vaults:2 | Bought a runed troll leather armour for 576 gold pieces
 62932 | Vaults:2 | Bought a jewelled chain mail for 304 gold pieces
 62932 | Vaults:2 | Identified the +2 chain mail of Boredom {+Blink rPois Will+
                  | Dex-5} (You bought it in a shop on level 2 of the Vaults)
 63053 | Vaults:3 | Found Juuvau's Armour Shop.
 63059 | Vaults:3 | Bought a +2 pair of boots for 198 gold pieces
 63837 | Vaults:3 | Reached skill level 5 in Necromancy
 66712 | Vaults:4 | Reached skill level 16 in Earth Magic
 66712 | Vaults:4 | Reached XP level 22. HP: 97/142 MP: 20/39
 67324 | Vaults:4 | Identified the +8 falchion "Yjycw" {vorpal, Fragile Int+4
                  | Dex+4}
 67537 | Vaults:4 | Found a portal to a secret trove of treasure.
 67702 | Vaults:5 | Entered Level 5 of the Vaults
 67920 | Elf:1    | Entered Level 1 of the Elven Halls
 69888 | Elf:1    | Identified the ring of the Clam {rF- rN+ Int+2 Slay+5}
 70158 | Elf:1    | Learned a level 7 spell: Spellforged Servitor
 70508 | Elf:2    | Paralysed by an air elemental for 1 turns
 70559 | Elf:2    | Reached skill level 15 in Armour
 70562 | Elf:2    | Found a runed translucent gate.
 70564 | Elf:2    | Found a runed translucent gate.
 70564 | Elf:2    | Found a runed translucent gate.
 71423 | Elf:2    | Found a shimmering altar of Xom.
 72311 | Elf:2    | Reached skill level 17 in Earth Magic
 72728 | Elf:3    | Entered Level 3 of the Elven Halls
 72810 | Elf:3    | Reached skill level 10 in Summonings
 73264 | Elf:3    | Identified the +2 war axe of Inference {speed, +Blink rC+
                  | Dex+3}
 73264 | Elf:3    | Identified the amulet of Ciziw {Regen+ Dex+2}
 73269 | Elf:3    | Identified the +9 mace of Cell {holy, Dex+4}
 73269 | Elf:3    | Identified the amulet of Dahuschagh {Spirit Will+}
 73441 | Elf:3    | Reached XP level 23. HP: 147/147 MP: 5/41
 74161 | Elf:3    | Found Ulauw's Antique Weapon Emporium.
 74413 | Elf:3    | Identified the ring of Inkaoqex {rPois Str+6 Dex+4}
 74678 | Elf:3    | Identified the +0 scale mail "Coexkoid" {rPois rCorr Str+2}
 74878 | Elf:3    | Identified the +5 sling of Indomitability {freeze, rF++ rC+
                  | rCorr Dex-3 Stlth-}
 74913 | Elf:3    | Identified the +4 hand crossbow of the Apocalypse {vorpal,
                  | rC+ Stlth+}
 75576 | Depths:1 | Entered Level 1 of the Depths
 75792 | Depths:1 | Found a bloodstained altar of Trog.
 76303 | Depths:1 | Found a runed translucent door.
 76593 | Depths:1 | Reached skill level 18 in Earth Magic
 77262 | Depths:1 | Found a gateway to Hell.
 78060 | Depths:2 | Found Ysiffyif's Changing Room.
 78097 | Depths:2 | Bought a potion of mutation for 192 gold pieces
 78097 | Depths:2 | Bought 2 potions of mutation for 384 gold pieces
 78261 | Depths:2 | Found Gutwait's Demolitions Depot.
 78281 | Depths:2 | Found a one-way gate to the infinite horrors of the Abyss.
 78606 | Depths:2 | Found a white marble altar of Elyvilon.
 78646 | Depths:2 | Found a one-way gate leading to the halls of Pandemonium.
 78949 | Depths:2 | Reached skill level 10 in Axes
 78952 | Depths:2 | Reached skill level 15 in Spellcasting
 79840 | Depths:3 | Reached XP level 24. HP: 134/152 MP: 29/42
 80806 | Depths:3 | Found a one-way gateway to a ziggurat.
 81509 | Depths:4 | Entered Level 4 of the Depths
 81964 | Depths:4 | Reached skill level 19 in Earth Magic
 82438 | Depths:4 | Reached skill level 15 in Conjurations
 82816 | Depths:4 | Found a gate to the Realm of Zot.
 84162 | Slime:1  | Entered Level 1 of the Pits of Slime
 84522 | Slime:1  | Gained mutation: You are vulnerable to heat. (rF-) [a
                  | shining eye]
 84602 | Slime:1  | Found a viscous altar of Jiyva.
 86076 | Slime:3  | Noticed Dissolution
 86083 | Slime:3  | Gained mutation: Your magical capacity is low. (-10% MP) [a
                  | shining eye]
 86087 | Slime:3  | Killed Dissolution
 86637 | Slime:4  | Reached XP level 25. HP: 159/159 MP: 5/38
 86800 | Slime:3  | Lost mutation: You are vulnerable to heat. (rF-) [potion of
                  | mutation]
 86800 | Slime:3  | Lost mutation: Your magical capacity is low. (-10% MP)
                  | [potion of mutation]
 86800 | Slime:3  | Gained mutation: Your natural rate of healing is unusually
                  | fast. [potion of mutation]
 86800 | Slime:3  | Gained mutation: You have a pair of small horns on your
                  | head. [potion of mutation]
 86800 | Slime:3  | Gained mutation: Your muscles are strong. (Str +4, Int/Dex
                  | -1) [potion of mutation]
 87394 | Slime:5  | Entered Level 5 of the Pits of Slime
 87631 | Slime:5  | Gained mutation: Armour fits poorly on your strangely
                  | shaped body. [a shining eye]
 87675 | Slime:4  | Lost mutation: Armour fits poorly on your strangely shaped
                  | body. [potion of mutation]
 87675 | Slime:4  | Lost mutation: Your natural rate of healing is unusually
                  | fast. [potion of mutation]
 87675 | Slime:4  | Lost mutation: You have a pair of small horns on your head.
                  | [potion of mutation]
 87675 | Slime:4  | Gained mutation: Armour fits poorly on your strangely
                  | shaped body. [potion of mutation]
 87676 | Slime:4  | Lost mutation: Your muscles are strong. (Str +4, Int/Dex
                  | -1) [potion of mutation]
 87676 | Slime:4  | Lost mutation: Armour fits poorly on your strangely shaped
                  | body. [potion of mutation]
 87676 | Slime:4  | Gained mutation: A frigid envelope surrounds you and
                  | freezes all who hurt you. [potion of mutation]
 88005 | Slime:5  | Gained mutation: You are dopey. (Int -2) [a shining eye]
 88008 | Slime:5  | Gained mutation: You occasionally shout uncontrollably at
                  | your foes. [a shining eye]
 88177 | Slime:4  | Lost mutation: You are dopey. (Int -2) [potion of mutation]
 88177 | Slime:4  | Lost mutation: You occasionally shout uncontrollably at
                  | your foes. [potion of mutation]
 88177 | Slime:4  | Gained mutation: You have hidden genetic potential. [potion
                  | of mutation]
 88177 | Slime:4  | Gained mutation: Your muscles are strong. (Str +4, Int/Dex
                  | -1) [potion of mutation]
 88177 | Slime:4  | Gained mutation: You expend magic power (3 MP) to
                  | strengthen your wands. [potion of mutation]
 88302 | Slime:5  | Noticed the Royal Jelly
 88635 | Slime:5  | Killed the Royal Jelly
 88984 | Slime:5  | Identified the +4 troll leather armour "Goveop" {Will-
                  | Regen+ Int+6}
 89063 | Slime:5  | Reached skill level 20 in Earth Magic
 89063 | Slime:5  | Reached XP level 26. HP: 166/166 MP: 43/43
 89064 | Slime:5  | Reached XP level 27. HP: 171/171 MP: 43/43
 89097 | Slime:5  | Got the Codex of Forceful Assembling
 89107 | Slime:5  | Identified the +4 long sword "Peusoot" {vorpal, Int+3 Dex+3
                  | Stlth+}
 89119 | Slime:5  | Identified the ring "Qoemaps" {rElec rC- rN+ Stlth+}
 89134 | Slime:5  | Got a slimy rune of Zot
 89173 | Slime:5  | Identified the +11 short sword of Vateocac {freeze, rF+
                  | Will+}
 89606 | Slime:5  | Learned a level 8 spell: Summon Horrible Things
 89996 | Crypt:1  | Entered Level 1 of the Crypt
 91097 | Crypt:1  | Acquired 393 gold pieces
 91758 | Crypt:2  | Identified the +5 rapier of Nohewar {elec, Dex+5}
 92639 | Crypt:2  | Reached skill level 15 in Summonings
 93045 | Crypt:3  | Entered Level 3 of the Crypt
 93451 | Crypt:3  | Noticed Bai Suzhen
 94017 | Crypt:3  | Noticed Saint Roka
 94024 | Crypt:3  | Killed Saint Roka
 94397 | Crypt:3  | Killed Bai Suzhen
 94589 | Crypt:3  | Noticed an ancient lich
 94599 | Crypt:3  | Killed an ancient lich
 94708 | Crypt:3  | Found a shimmering altar of Xom.
 95096 | Crypt:3  | Found the +13 scythe of Curses {drain, Drain}
 95147 | Crypt:3  | Identified the ring "Caonib" {rC+ MP+9}
 95202 | Crypt:3  | Identified the ring "Culus" {Contam rElec rN+ Str+3 Int+4}
 95389 | Crypt:3  | Identified the amulet "Mopt" {*Slow +Inv rPois rN+++
                  | Regen+}
 95470 | Crypt:3  | Found a staircase to the Tomb.
 95475 | Crypt:3  | Identified the ring "Rotit" {*Slow rN+ Str+4 Dex+6 Stlth+}
 95622 | Crypt:3  | Gained mutation: You possess an exceptional clarity of
                  | mind. [hidden potential]
 96398 | Vaults:2 | Bought a runed chain mail for 240 gold pieces
 96398 | Vaults:2 | Bought a glowing ring mail for 224 gold pieces
 96398 | Vaults:2 | Bought a runed scale mail for 224 gold pieces
 96441 | Vaults:3 | Bought +0 ice dragon scales for 720 gold pieces
 96779 | Vaults:5 | Noticed a dread lich
 96780 | Vaults:5 | Identified the +1 spear "Utealaisch" {antimagic, rF+ Int+2
                  | Dex+3 SInv}
 96782 | Vaults:5 | Killed a dread lich
 96797 | Vaults:5 | Noticed a dread lich
 97322 | Vaults:5 | Identified the +1 leather armour "Mamyp" {Harm Rampage rC-
                  | Will+}
 97489 | Vaults:5 | Noticed an ancient lich
 97492 | Vaults:5 | Killed an ancient lich
 97649 | Vaults:5 | Identified the ring "Zylean" {Fly rCorr Str+3}
 97666 | Vaults:5 | Identified the +6 dagger "Meras" {vorpal, rF+ rCorr Str+3
                  | Dex+4}
 98282 | Vaults:5 | Killed a dread lich
 98370 | Vaults:5 | Got Sif Muna's Cyclopedia of Transforming Terrain
 98372 | Vaults:5 | Identified the ring of Lady Luck {rF+ rC+ rCorr Dex-3}
 98606 | Vaults:5 | Found the +10 Black Knight's barding {ponderous, rPois rN+}
 98618 | Vaults:5 | Identified the +0 chain mail of Impressiveness {*Corrode
                  | rN++}
 98669 | Vaults:5 | Identified the +1 cloak of Fortification {Int+3}
 98866 | Vaults:5 | Got a silver rune of Zot
 98868 | Vaults:5 | Identified the +0 robe "Riclegho" {rCorr Dex+6 Slay+3}
 99718 | Vaults:5 | Identified the +3 robe of Indemnity {-Tele rF+ Int+2}
100282 | Zot:1    | Entered Level 1 of the Realm of Zot
100682 | Zot:1    | Gained mutation: Your flesh is heat resistant. (rF+)
                  | [hidden potential]
100682 | Zot:1    | Lost mutation: You have hidden genetic potential. [hidden
                  | potential expressed]
101195 | Zot:1    | Noticed an orb of fire
101202 | Zot:1    | Killed an orb of fire
101703 | Zot:2    | Learned a level 6 spell: Death Channel
102003 | Zot:2    | Noticed Vv
102444 | Zot:2    | Noticed Parghit
102462 | Zot:2    | Killed Parghit
102910 | Zot:2    | Killed Vv
103693 | Zot:2    | Reached skill level 15 in Axes
103693 | Zot:2    | Reached skill level 10 in Necromancy
104697 | Zot:3    | Found a runed translucent gate.
104698 | Zot:3    | Found a runed translucent gate.
104699 | Zot:3    | Found a runed translucent gate.
104699 | Zot:3    | Noticed Cayster's ghost (legendary VSBe)
104706 | Zot:3    | Killed Cayster's ghost
105105 | Zot:3    | Noticed an orb of fire
105110 | Zot:3    | Killed an orb of fire
105336 | Zot:3    | Reached skill level 21 in Earth Magic
106375 | Zot:3    | Identified the +3 war axe of Huani {venom, rCorr}
107278 | Zot:4    | Found a transporter.
107280 | Zot:4    | Found a transporter.
108049 | Zot:4    | Reached skill level 22 in Earth Magic
109050 | Zot:4    | Identified the +0 chain mail of the Endless Expanse {Harm
                  | rF+++ rC- MP-9}
109053 | Zot:4    | Identified the ring "Iholyh" {rPois rF++ rC- Will+ rCorr}
109086 | Zot:5    | Entered Level 5 of the Realm of Zot
109161 | Zot:5    | Found a transporter.
109329 | Zot:5    | Found a transporter.
109653 | Zot:5    | Found a transporter.
109661 | Zot:5    | Found a transporter.
109661 | Zot:5    | Found a transporter.
109684 | Zot:5    | Found a transporter.
110147 | Zot:5    | Noticed an ancient lich
110150 | Zot:5    | Killed an ancient lich
110170 | Zot:5    | Reached skill level 23 in Earth Magic
110370 | Zot:5    | Noticed an orb of fire
110371 | Zot:5    | Gained mutation: You are vulnerable to cold. (rC-) [an orb
                  | of fire]
110380 | Zot:5    | Killed an orb of fire
110561 | Zot:5    | Identified the +4 long sword "Gackod" {vorpal, rElec Will+}
110893 | Zot:5    | Noticed an orb of fire
110920 | Zot:5    | Killed an orb of fire
111115 | Zot:5    | Noticed a dread lich
111145 | Zot:5    | Killed a dread lich
111545 | Zot:5    | Reached skill level 24 in Earth Magic
111739 | Zot:5    | Noticed an orb of fire
111741 | Zot:5    | Noticed an orb of fire
111743 | Zot:5    | Noticed an ancient lich
111744 | Zot:5    | Gained mutation: Your spells are a little easier to cast,
                  | but a little less powerful. [an orb of fire]
111826 | Zot:5    | Killed an orb of fire
111830 | Zot:5    | Killed an orb of fire
111950 | Zot:5    | Lost mutation: You are vulnerable to cold. (rC-) [potion of
                  | mutation]
111950 | Zot:5    | Lost mutation: A frigid envelope surrounds you and freezes
                  | all who hurt you. [potion of mutation]
111950 | Zot:5    | Lost mutation: You expend magic power (3 MP) to strengthen
                  | your wands. [potion of mutation]
111950 | Zot:5    | Lost mutation: You possess an exceptional clarity of mind.
                  | [potion of mutation]
111950 | Zot:5    | Lost mutation: Your spells are a little easier to cast, but
                  | a little less powerful. [potion of mutation]
111951 | Zot:5    | Lost mutation: Your flesh is heat resistant. (rF+) [potion
                  | of mutation]
111951 | Zot:5    | Lost mutation: Your muscles are strong. (Str +4, Int/Dex
                  | -1) [potion of mutation]
111951 | Zot:5    | Gained mutation: You are vulnerable to heat. (rF-) [potion
                  | of mutation]
111951 | Zot:5    | Gained mutation: You are robust. (+10% HP) [potion of
                  | mutation]
111951 | Zot:5    | Gained mutation: You occasionally lose the ability to drink
                  | potions when taking damage. [potion of mutation]
111952 | Zot:5    | Lost mutation: You occasionally lose the ability to drink
                  | potions when taking damage. [potion of mutation]
111952 | Zot:5    | Lost mutation: You are robust. (+10% HP) [potion of
                  | mutation]
111952 | Zot:5    | Lost mutation: You are vulnerable to heat. (rF-) [potion of
                  | mutation]
111952 | Zot:5    | Gained mutation: You are frail. (-10% HP) [potion of
                  | mutation]
111953 | Zot:5    | Lost mutation: You are frail. (-10% HP) [potion of
                  | mutation]
111953 | Zot:5    | Gained mutation: You are agile. (Dex +4, Str/Int -1)
                  | [potion of mutation]
111953 | Zot:5    | Gained mutation: You are very agile. (Dex +8, Str/Int -2)
                  | [potion of mutation]
111953 | Zot:5    | Gained mutation: Your muscles are strong. (Str +4, Int/Dex
                  | -1) [potion of mutation]
112019 | Zot:5    | Killed an ancient lich
112313 | Zot:5    | Reached skill level 15 in Necromancy
112820 | Pan      | Entered Pandemonium
113336 | Pan      | Noticed Fetapa the pandemonium lord
114570 | Pan      | Killed Fetapa the pandemonium lord
114571 | Pan      | Reached skill level 10 in Dodging
115044 | Pan      | Reached skill level 25 in Earth Magic
115396 | Pan      | Identified the +9 trident of the Past {flame, Contam rF+
                  | Will+}
115396 | Pan      | Identified the +5 scale mail of the Hurricane {Str+3}
115396 | Pan      | Identified the ring "Xevufael" {AC+4 Str+3}
115532 | Pan      | Noticed a seraph
115537 | Pan      | Found a glowing golden altar of the Shining One.
115553 | Pan      | Got a demonic rune of Zot
115714 | Pan      | Identified the +2 tower shield of the Red God {rC+ Will+
                  | Dex+2}
115738 | Depths:2 | Escaped Pandemonium
116148 | Vaults:4 | You paid a toll of +5 ice dragon scales to enter a treasure
                  | trove
116149 | Trove    | Entered a treasure trove
116586 | Pan      | Entered Pandemonium
117286 | Pan      | Found a transporter.
117328 | Pan      | Found a transporter.
117376 | Pan      | Identified the amulet of Vaachoud {Acrobat Str+2}
117379 | Pan      | Identified the ring "Teoneucs" {Fire Int+5}
117388 | Pan      | Identified the ring "Ocir" {rF+ rC+ Int+6}
117817 | Pan      | Entered the realm of Cerebov.
118103 | Pan      | Found the +6 sword of Cerebov {flame}
118103 | Pan      | Noticed Cerebov
118771 | Pan      | Killed from afar by Cerebov

Illustrated notes

Levels and vault maps discovered:
D:1:      ldierk_walled_garden_2, layout_basic,
          dilly_ecumenical_altar_fadedgnrine, st_stairs_11
D:2:      layout_basic, serial_shops, nicolae_lakefront_shop, uniq_jessica
D:3:      layout_basic, okawaru_gym_becter, gup_sewer_entry_bowl,
          hangedman_feature_mirror
D:4:      layout_basic, slow_altar_2
D:5:      layout_loops_ring, fedhas_ov_isle_minmay, minmay_misc_feat_iff
D:6:      layout_cave_pools, chequers_temple_overflow_statue_of_worship,
          serial_shops, nicolae_square_shop, uniq_crazy_yiuf_cottage
D:7:      layout_loops_ring, mainiacjoe_overflow_divided_tiny, temple_green,
          st_stairs_5, sigmund_army, uniq_joseph
D:8:      layout_loops_ring, nicolae_ashenzari_panopticon,
          makhleb_grotto_becter, grunt_lair_entry_orc_guard_hut, enter_bailey_6,
          uniq_prince_ribbit1
D:9:      minmay_evil_eye, layout_cave_pools
D:10:     minmay_the_grid_octo_tiled_octocenter
          [minmay_the_grid_octo_fat_diamond, minmay_the_grid_octo_teeth,
          minmay_the_grid_octo_chip, minmay_the_grid_octo_clover,
          minmay_the_grid_octo_prize_ultimate_mussel_roller,
          minmay_the_grid_square_5x5_inner_i, minmay_the_grid_square_5x5_z,
          minmay_the_grid_square_5x5_two, minmay_the_grid_square_5x5_detours],
          layout_long_grid, mainiacjoe_overflow_chevrons, kennysheep_mini_moat,
          mainiacjoe_overflow_surrounded_room, xom_teletrap_fun, serial_shops,
          nicolae_shop_behind_doors, minmay_diced_spiral, uniq_nergalle,
          uniq_maurice, uniq_erica
D:11:     cheibrodos_ideogram_h, layout_basic, gauntlet_entry_generic,
          minmay_statue_bubble, uniq_lodul
D:12:     layout_roguey, orc_0_dummy, serial_demonic, serial_demonic_e,
          serial_demonic_g, serial_demonic_c, serial_demonic_f,
          argonaut_gorgonesque, uniq_frances
D:13:     layout_cave_pools, david_vaults_1, serial_shops, shop,
          hellmonk_guarded_unrand_lears
D:14:     minmay_blocky_corners, layout_cave_pools,
          portal_ice_cave_entry_pillars_four, gammafunk_ghost_hydra_chop,
          nicolae_ru_great_annihilating_truth, uniq_josephine, uniq_agnes
D:15:     grunt_enter_depths_snipers, layout_gridville, led_sif_pool,
          gammafunk_ghost_hive
Temple:   hellmonk_temple_of_storms
Lair:1:   layout_regular_city, basic_altar
Lair:2:   cheibrodos_lair_river_kwai, layout_regular_city, shoals_dummy_entry,
          grunt_megastairs_4
Lair:3:   layout_hall_layers, hellmonk_spider_entry_not_the_bees,
          grunt_megastairs_5, serial_bayou_shore_b
Lair:4:   layout_cave_shapes, dpeg_slime_entry_enclosed, beast_lair_carwin_8,
          infiniplex_staircase_pool_2
Lair:5:   hangedman_lair_tendril_chambers, layout_misc_corridors, wormcave,
          wad_woods_road_02, nicolae_lair_time_for_slime, grunt_megastairs_3
Shoals:1: layout_shoals
Shoals:2: nzn_motion_control, layout_shoals
Shoals:3: layout_shoals, uniq_louise, uniq_aizul, uniq_ilsuiw
Shoals:4: shoals_end_hellmonk_lost_city, serial_shops, uniq_mlioglotl
Spider:1: layout_chambers, nicolae_spider_orb_run
Spider:2: nicolae_spider_mines_3, hangedman_spider_tarantella_strand,
          uniq_donald
Spider:3: cheibrodos_spider_deadly_dance
Spider:4: grunt_spider_rune_circles, uniq_nikola
Slime:1:  layout_caves, basic_altar
Slime:2:  layout_caves, cheibrodos_slime_lost_civilization_7
Slime:3:  layout_caves, nicolae_slime_barrier, uniq_dissolution
Slime:4:  layout_caves
Slime:5
Orc:1:    layout_caves, basic_altar, serial_shops, nicolae_shop_statue_plus,
          uniq_sonja
Orc:2:    grunt_orc_community_town_hall, layout_caves,
          grunt_orc_community_big_house_1, grunt_orc_community_big_house_2,
          grunt_orc_community_house_1, grunt_orc_community_house_3,
          grunt_orc_community_house_3, grunt_orc_community_house_2,
          grunt_orc_community_house_2, abandoned_shop
Elf:1:    eino_elf_arrival_customs, layout_onion_city,
          kennysheep_underground_church
Elf:2:    nicolae_elf_blades_crystal_corner, layout_onion_city, basic_altar
Elf:3:    minmay_elf_hall_curves, layout_geoelf_octagon, serial_shops,
          nicolae_shop_statue_plus
Vaults:1: st_lines, hangedman_vaults_corner_blocks, v_misc_30,
          nicolae_vaults_ring_of_whatevers, v_alt_pattern_5, vaults_room_pools,
          vaults_room_pool, v_alt_pattern_1, grunt_vaults_swirl,
          ontoclasm_vaults_fault, vaults_dpeg_encased_lava,
          nicolae_vaults_circle_grid_a, nicolae_vaults_mini_display_case,
          vaults_mumra_hex, layout_vaults_omnigrid, serial_shops, shop
Vaults:2: grunt_vaults_diagonal, nicolae_vaults_gold_heap,
          nicolae_vaults_rhombus_5, nicolae_vaults_network_quincunx
          [nicolae_vaults_network_quincunx_subvault,
          nicolae_vaults_network_quincunx_subvault,
          nicolae_vaults_network_quincunx_subvault,
          nicolae_vaults_network_quincunx_subvault,
          nicolae_vaults_network_quincunx_subvault], grunt_vaults_bifocal,
          nicolae_vaults_border_crossing, dpeg_vaults_monster_box,
          hangedman_vaults_trim, ontoclasm_vaults_hangar,
          hangedman_vaults_unwind, vaults_mumra_chevron,
          blue_anna_dwarven_crypt, nicolae_vaults_three_branches, serial_ice_h,
          layout_vaults_maze_bifur
Vaults:3: nicolae_vaults_octagons, ontoclasm_vaults_loading_screen,
          ontoclasm_vaults_decontamination, v_pattern_5, v_misc_4,
          hangedman_vaults_pinch, ontoclasm_vaults_ligature, v_rooms_5,
          nicolae_vaults_what_the_h, v_misc_27, v_alt_pattern_1,
          grunt_vaults_focal, vaults_room_door_ring, layout_vaults_chaotic_city,
          serial_shops, nicolae_shop_competitors_out_of_business
Vaults:4: hangedman_vaults_maws, ontoclasm_vaults_eye, vaults_dpeg_diagonal,
          hangedman_vaults_variations, v_misc_9, hangedman_vaults_hat,
          nicolae_vaults_little_squares_5, nicolae_vaults_bisected_exclaves,
          st_octagons_2, nicolae_vaults_circle_grid_b, ontoclasm_vaults_tryst,
          v_misc_24, nicolae_vaults_angled_halls, layout_vaults_omnibox,
          nicolae_trove_entry_free_sample
Vaults:5: serial_shops
Crypt:1:  layout_gridlike, grunt_crypt_arrival_split
Crypt:2:  layout_gridlike
Crypt:3:  cryptofortress_bobbens, uniq_bai_suzhen, uniq_saint_roka
Depths:1: dreamdust_tengu_aerie, layout_honeycomb, trog_three_pillars_becter,
          grunt_hell_entry_dis_grunt, hangedman_abyss_or_decor_passed,
          reono_crystal_passage, kennysheep_treasure_room, serial_bayou_shore_a
Depths:2: minmay_angry_zag, layout_cave_shapes, grunt_pan_entry_zigzag,
          pf_coc_iceberg, abyss_entry, minmay_gold_behind_fungi,
          nicolae_blasting_shop, minmay_misc_feat_four_crosses,
          nicolae_transmutations_shop, elyvilon_altar_4, nicolae_triple_integral
Depths:3: hellmonk_crumbling_castle, layout_basic, enter_ziggurat_c,
          minmay_misc_feat_tiny, minmay_room_of_horrors,
          pf_hell_entry_tar_river, serial_bayou_pond_c, st_stairs_8,
          serial_bayou_shore_b
Depths:4: evilmike_zot_entry_diamond, layout_gridlike, abyss_entry_crystal,
          hellmouth_3, minmay_misc_feat_enclosed, grunt_decor_cap
Zot:1:    layout_cellular_growth, grunt_ministairs_14
Zot:2:    layout_gridlike, zot_minivault_1, uniq_josephina, uniq_vv,
          uniq_parghit
Zot:3:    nicolae_zot_stationary_front, layout_cathedral_of_symmetry,
          ebering_ghost_rock_garden
Zot:4:    gammafunk_sealed_arena, layout_twisted_circle,
          hangedman_zot_decor_unnerving_road, hangedman_zot_decor_checkerboard
Zot:5:    layout_misc_corridors, serial_nicolae_subway,
          nicolae_sub_station_metal, nicolae_sub_station_stone,
          nicolae_sub_station_crystal
Pan:      rand_demon_2, layout_small_grid, pan_blood_fountain,
          evilmike_mini_pan_corner, layout_grid_shapes, special_room
          [special_room_demon_pit], pan_blood_fountain, evilmike_holy_pan,
          grunt_pan_zigzag, layout_irregular_city, pan_blood_fountain_small,
          pan_blood_fountain, evilmike_mini_pan_possible_glass,
          layout_grid_shapes, nicolae_pan_sigil_obb, gammafunk_its_a_trap,
          layout_rooms, pan_blood_fountain_small, nicolae_pan_gloorx_vloqian_4,
          evilmike_cerebov_lava, layout_onion_city

Skill      XL: |  1  2  3  4  5  6  7  8  9 10 11 12 13 14 15 16 17 18 19 20 21 22 23 24 25 26 27 |
---------------+----------------------------------------------------------------------------------+-----
Transmutations | 1 |  1.0
Earth Magic    | 4 5 6 8 9 10 11 13 14 15 16 17 18 19 20 25 | 25.4
Fighting       | 1 2 3 4 6 7 9 11 13 14 15 16 17 | 17.1
Dodging        | 2 3 4 5 6 7 8 9 10 | 10.9
Conjurations   | 1 2 3 5 6 7 8 9 10 11 12 13 14 15 16 | 16.2
Stealth        | 3 4 |  4.0
Spellcasting   | 3 4 5 6 7 8 9 10 11 12 13 14 15 16 20 | 20.7
Armour         | 4 7 10 12 13 14 15 16 17 | 17.3
Shields        | 4 5 7 9 |  9.1
Translocations | 3 6 8 10 | 10.9
Fire Magic     | 4 |  4.4
Maces & Flails | 2 5 6 8 |  8.0
Ice Magic      | 1 4 6 |  6.7
Summonings     | 4 6 7 8 10 11 12 13 17 | 17.6
Evocations     | 4 6 7 8 |  8.8
Necromancy     | 1 4 5 6 15 | 15.5
Axes           | 4 7 10 12 13 16 | 16.0
Throwing       | 3 |  3.0

Action                   |  1- 3 |  4- 6 |  7- 9 | 10-12 | 13-15 | 16-18 | 19-21 | 22-24 | 25-27 || total
-------------------------+-------+-------+-------+-------+-------+-------+-------+-------+-------++-------
Melee: Short sword       |     8 |     2 |   120 |   238 |   850 |       |       |       |       ||  1218
       Unarmed           |     7 |       |       |       |       |       |       |       |       ||     7
       Long sword        |       |    16 |       |       |       |       |       |       |       ||    16
       Dagger            |       |     6 |     6 |       |       |       |       |       |       ||    12
       Punch             |       |       |     2 |     5 |    18 |       |       |       |       ||    25
       Hand axe          |       |       |       |       |   511 |  1627 |   749 |   466 |  1010 ||  4363
       Headbutt          |       |       |       |       |       |       |       |       |     6 ||     6
Throw: Javelin           |       |       |       |       |       |       |     1 |     3 |    15 ||    19
 Cast: Sandblast         |    37 |   103 |    75 |    19 |       |       |       |       |       ||   234
       Stone Arrow       |       |       |    20 |   213 |   363 |   185 |    69 |    78 |    34 ||   962
       Blink             |       |       |       |     1 |     8 |    12 |     6 |     1 |     9 ||    37
       Manifold Assault  |       |       |       |       |   120 |   260 |    10 |     8 |    18 ||   416
       Dispersal         |       |       |       |       |     5 |     3 |     1 |     1 |     2 ||    12
       Iskenderun's Myst |       |       |       |       |     1 |       |       |       |       ||     1
       Freezing Cloud    |       |       |       |       |     9 |    32 |    36 |    62 |    28 ||   167
       Iron Shot         |       |       |       |       |       |   193 |   351 |   385 |   733 ||  1662
       Borgnjor's Vile C |       |       |       |       |       |       |    60 |    35 |    49 ||   144
       Summon Forest     |       |       |       |       |       |       |     8 |     3 |    53 ||    64
       Animate Armour    |       |       |       |       |       |       |     3 |       |       ||     3
       Spellforged Servi |       |       |       |       |       |       |       |    68 |   153 ||   221
       Summon Horrible T |       |       |       |       |       |       |       |       |    19 ||    19
       Death Channel     |       |       |       |       |       |       |       |       |    13 ||    13
Invok: Potion Petition   |       |       |       |       |     5 |     1 |     1 |       |     8 ||    15
       Call Merchant     |       |       |       |       |     1 |       |     1 |       |       ||     2
       Bribe Branch      |       |       |       |       |       |       |       |       |     1 ||     1
 Abil: Evoke Blink       |       |       |     2 |       |       |       |       |       |       ||     2
Evoke: Wand              |       |       |     1 |     4 |       |     5 |       |     2 |     9 ||    21
       Lightning rod     |       |       |       |     3 |     8 |     6 |    23 |     1 |    27 ||    68
       Condenser vane    |       |       |       |       |     1 |     2 |       |       |     2 ||     5
       Phantom mirror    |       |       |       |       |       |     1 |       |       |     5 ||     6
       Phial of floods   |       |       |       |       |       |       |     2 |       |     5 ||     7
  Use: Scroll            |       |       |     5 |     2 |    21 |     2 |     4 |     2 |    17 ||    53
       Potion            |       |       |       |     3 |     7 |     1 |     2 |     3 |    34 ||    50
 Stab: Sleeping          |       |       |     6 |       |       |       |       |       |       ||     6
       Distracted        |       |       |       |     2 |     5 |     4 |     8 |     7 |    28 ||    54
       Invisible         |       |       |       |     1 |     2 |       |       |       |       ||     3
Armor: Robe              |     7 |    13 |    64 |   159 |   645 |       |       |       |       ||   888
       Scale mail        |       |       |       |       |    87 |  1213 |   637 |   298 |   737 ||  2972
Dodge: Dodged            |    20 |    46 |   139 |   270 |   801 |   758 |   376 |   193 |   411 ||  3014
Block: Other             |       |       |       |    72 |   233 |       |       |       |       ||   305
       Buckler           |       |       |       |       |   185 |  1191 |   703 |   353 |   651 ||  3083
       Reflection        |       |       |       |       |     7 |    88 |    98 |    75 |   106 ||   374

Table legend: (Time is in decaauts)
 A = Elapsed time spent in this place.
 B = Non-inter-level travel time spent in this place.
 C = Inter-level travel time spent in this place.
 D = Time resting spent in this place.
 E = Time spent auto-exploring this place.
 F = Levels seen in this place.
 G = Mean time per level.
                   A        B        C        D        E       F      G
               +--------+--------+--------+--------+--------+-----+--------+
         Total | 118889 | 110624 |   8265 |  34282 |  48796 |  68 | 1748.4 |
       Dungeon |  23125 |  20470 |   2655 |   4265 |  11859 |  15 | 1541.7 |
        Temple |     66 |     52 |     14 |      0 |     45 |   1 |   66.0 |
          Lair |  11374 |  10488 |    886 |   2780 |   4169 |   5 | 2274.8 |
        Shoals |   7976 |   7764 |    212 |   2727 |   3176 |   4 | 1994.0 |
   Spider Nest |   9291 |   8992 |    299 |   3502 |   3083 |   4 | 2322.8 |
    Slime Pits |   5334 |   4939 |    395 |   2023 |   1822 |   5 | 1066.8 |
  Orcish Mines |   2956 |   2831 |    125 |    402 |   1481 |   2 | 1478.0 |
   Elven Halls |   7505 |   7190 |    315 |   2464 |   3421 |   3 | 2501.7 |
        Vaults |  15200 |  13161 |   2039 |   2349 |   7853 |   5 | 3040.0 |
         Crypt |   5933 |   5583 |    350 |   1514 |   2615 |   3 | 1977.7 |
        Depths |   8578 |   8015 |    563 |   3155 |   3434 |   4 | 2144.5 |
           Zot |  12346 |  11940 |    406 |   5631 |   3525 |   5 | 2469.2 |
   Pandemonium |   4987 |   4987 |      0 |   1919 |    963 |   7 |  712.4 |
         Trove |     54 |     54 |      0 |      0 |      0 |   1 |   54.0 |
         Sewer |    549 |    549 |      0 |    104 |    281 |   1 |  549.0 |
        Bailey |   1184 |   1184 |      0 |    632 |    288 |   1 | 1184.0 |
      Ice Cave |   1640 |   1640 |      0 |    529 |    630 |   1 | 1640.0 |
      Gauntlet |    782 |    782 |      0 |    283 |    149 |   1 |  782.0 |
               +--------+--------+--------+--------+--------+-----+--------+

Top non-repeatable levels by time:
  Lair:5: 4079 daAuts
Vaults:1: 3542 daAuts
   Zot:5: 3399 daAuts
Vaults:3: 3315 daAuts
Vaults:5: 3226 daAuts
Vaults:2: 2886 daAuts
 Crypt:3: 2856 daAuts
Spider:1: 2712 daAuts
Spider:2: 2685 daAuts
    D:10: 2668 daAuts
   Elf:3: 2652 daAuts
Shoals:3: 2651 daAuts
   Elf:2: 2590 daAuts
   Zot:3: 2522 daAuts
Depths:3: 2365 daAuts
